 Dungeon Crawl Stone Soup version 0.17.1-1-g73c8601 (webtiles) character file.

508 Killerpretzel the Destroyer (level 6, 0/32 HPs)
             Began as a Deep Elf Conjurer on Dec 22, 2015.
             Succumbed to a worker ant's poison
             ... while paralysed
             ... on level 3 of the Dungeon.
             The game lasted 00:28:57 (4949 turns).

Killerpretzel the Destroyer (Deep Elf Conjurer)     Turns: 4949, Time: 00:28:57

Health: 0/32       AC:  2    Str:  7    XL:     6   Next: 98%
Magic:  1/12       EV:  2    Int: 23    God:
Gold:   271        SH:  0    Dex: 15    Spells: 3 memorised, 3 levels left

rFire  . . .     SeeInvis .     i - +2 mace (drain)
rCold  . . .     Clarity  .     a - +0 robe
rNeg   . . .     SustAt   .     (no shield)
rPois  .         Gourm    .     (no helmet)
rElec  .         Spirit   .     (no cloak)
rCorr  .         Warding  .     (no gloves)
rMut   .         Stasis   .     (no boots)
MR     .....                    j - amulet of rage
Stlth  ++........               k - ring of flight
                                u - +3 ring of intelligence

@: paralysed, lethally poisoned (0 -> -1), exhausted, slowed, not resistant to
hostile enchantments, unstealthy
A: no striking features
a: Evoke Berserk Rage, Evoke Flight


You were on level 3 of the Dungeon.
You were hungry.

You visited 1 branch of the dungeon, and saw 4 of its levels.
You also visited: Ossuary.

You collected 271 gold pieces.

Inventory:

Hand Weapons
 i - a +2 mace of draining (weapon)
 o - a +0 dagger
Armour
 a - a +0 robe (worn)
 g - a +0 buckler
 r - a +0 robe
Jewellery
 j - an amulet of rage (around neck)
 k - a ring of flight (right hand)
 u - a +3 ring of intelligence (left hand)
 y - an uncursed ring of see invisible {unknown}
Wands
 w - a wand of fire (1)
Scrolls
 h - a scroll of teleportation
 n - a scroll of remove curse
 q - a scroll of recharging
 v - a scroll of fear {unknown}
Potions
 d - a potion of berserk rage
 e - 4 potions of might
 f - a potion of brilliance {unknown}
 l - a potion of resistance {unknown}
 p - a potion of agility {unknown}
 s - a potion of lignification
 t - a potion of poison {unknown}
 x - a potion of cancellation {unknown}
 A - a potion of beneficial mutation {unknown}
Books
 b - a book of Conjurations

   Spells                             Type                      Level
   a - Magic Dart                     Conjuration                  1
   b - Searing Ray                    Conjuration                  2
   c - Dazzling Spray                 Conjuration/Hexes            3
   d - Fulminant Prism                Conjuration/Hexes            4
   e - Iskenderun's Mystic Blast      Conjuration                  4
   f - Iskenderun's Battlesphere      Conjuration/Charms           5
Comestibles
 c - 3 bread rations
 m - 2 meat rations
 z - 5 chunks of flesh


   Skills:
 - Level 2.4 Dodging
 - Level 2.4 Stealth
 - Level 3.0 Spellcasting
 + Level 8.2 Conjurations
 + Level 5.2 Charms


You had 3 spell levels left.
You knew the following spells:

 Your Spells              Type           Power        Failure   Level  Hunger
a - Magic Dart            Conj           ####         1%          1    None
b - Searing Ray           Conj           #####.       1%          2    ##.....
w - Iskenderun's Battles  Conj/Chrm      ####....     24%         5    ######.


Dungeon Overview and Level Annotations

Branches:
Dungeon (4/15)
 Temple: D:4-7

Altars:
Dithmenos
Ru
The Shining One


Message History

You feel yourself moving faster!
You feel mighty! The worker ant barely misses you.
You are too berserk!
You are too berserk!
You are too injured to fight recklessly!
You barely miss the worker ant.
The worker ant is almost dead.
The worker ant closely misses you.
You sock the worker ant!
You kill the worker ant!
* * * LOW HITPOINT WARNING * * *
You feel sick.
You are too berserk!
You feel a strong urge to attack something.
You feel your anger subside.
You are no longer berserk.
You pass out from exhaustion.
You feel yourself slow down.
You are feeling hungry.
You die...

#.....##......# ##.#..#
##..#.##......# ##......
####.#.......###.....#.
##.#.................
#######<........)##........
##.........#......##.......#
#........#[##......##.......
##......##.#######.....<..##
####.####.@.#######.....###
#.######.............# #
#...############.....# 8
###)......#######....##.
#######............#_.
###############. #8


There were no monsters in sight!

Vanquished Creatures
  An elf zombie (Ossuary)
  A centaur zombie (Ossuary)
  A hound (D:3)
  2 orc priests
  An iguana (D:4)
  2 orc wizards (D:4)
  2 worker ants
  A big kobold zombie (Ossuary)
  2 mummies (Ossuary)
  3 adders (D:3)
  An adder zombie (Ossuary)
  An ooze (D:3)
  4 worms (D:2)
  8 orcs
  7 bats
  3 giant cockroaches
  8 goblins
  7 hobgoblins
  8 jackals
  2 quokkas
  4 giant newts
  10 hobgoblin zombies (Ossuary)
  4 jackal zombies (Ossuary)
  8 kobolds
  7 kobold zombies (Ossuary)
  11 orc zombies (Ossuary)
  6 rats
  A rat zombie (Ossuary)
116 creatures vanquished.

Notes
Turn   | Place    | Note
--------------------------------------------------------------
     0 | D:1      | Killerpretzel the Deep Elf Conjurer began the quest for the Orb.
     0 | D:1      | Reached XP level 1. HP: 10/10 MP: 6/6
   228 | D:1      | Reached XP level 2. HP: 15/15 MP: 5/8
   232 | D:1      | Learned a level 2 spell: Searing Ray
   595 | D:1      | Reached skill level 5 in Conjurations
  1120 | D:1      | Reached XP level 3. HP: 19/19 MP: 6/9
  1579 | D:2      | Found a sacrificial altar of Ru.
  2133 | D:2      | Reached skill level 6 in Conjurations
  2201 | D:2      | Reached XP level 4. HP: 12/24 MP: 3/10
  2637 | D:3      | Found a glowing golden altar of the Shining One.
  2642 | D:3      | Found a shadowy altar of Dithmenos.
  3001 | D:3      | Reached skill level 7 in Conjurations
  3001 | D:3      | Reached XP level 5. HP: 28/28 MP: 9/11
  3010 | D:3      | Learned a level 5 spell: Iskenderun's Battlesphere
  3140 | D:3      | Reached skill level 1 in Charms
  3531 | D:4      | Found a sand-covered staircase.
  3541 | Ossuary  | Entered an ossuary
  4103 | Ossuary  | Reached XP level 6. HP: 32/32 MP: 3/12
  4714 | D:4      | Reached skill level 8 in Conjurations
  4917 | D:4      | Reached skill level 5 in Charms
  4940 | D:3      | HP: 1/32 [worker ant (6)]
  4949 | D:3      | Succumbed to a worker ant's poison

Action                   |  1- 3 |  4- 6 || total
-------------------------+-------+-------++-------
Melee: Dagger            |     4 |       ||     4
       Mace              |       |     3 ||     3
 Cast: Magic Dart        |    94 |   146 ||   240
       Searing Ray       |     4 |    15 ||    19
Evoke: Wand              |       |     3 ||     3
  Use: Scroll            |     9 |     1 ||    10
       Potion            |     1 |     2 ||     3
  Eat: Chunk             |     4 |     6 ||    10
       Fruit             |       |     1 ||     1
       Pizza             |       |     1 ||     1
